| 
	| TOP OF THE 1ST | 
|---|
 
		| New York Mets batting - Pitching for New York Yankees : LHP Zach Purvis |  
		| Pitching: LHP Zach Purvis |  |  
		| Batting: LHB Kevin Bellman | 0-0: Foul Ball, location: 2F 0-1: Ball
 1-1: Ball
 2-1: Called Strike
 2-2: Foul Ball, location: 2F
 2-2: Strikes out swinging
 |  
		| Batting: RHB Antonio Aranda | 0-0: Swinging Strike 0-1: Ball
 1-1: Bunted foul
 1-2: Ball
 2-2: Foul Ball, location: 2F
 2-2: SINGLE  (Groundball, 56D, EV 101.2 MPH)
 |  
		| Batting: SHB Sean Cook | 0-0: Ball 1-0: Foul Ball, location: 2F
 1-1: Called Strike
 1-2: Grounds into double play, 4-6-3 (Groundball, 34, EV 85.6 MPH)
 |  
		| Top of the 1st over - 0 runs, 1 hit, 0 errors, 0 left on base; New York 0 - New York 0 |  
	| BOTTOM OF THE 1ST | 
|---|
 
		| New York Yankees batting - Pitching for New York Mets : RHP Apostolos Tsatsos |  
		| Pitching: RHP Apostolos Tsatsos |  |  
		| Batting: RHB Russ Shambaugh | 0-0: Foul Ball, location: 2F 0-1: Ground out 6-3 (Groundball, 6M, EV 103.8 MPH)
 |  
		| Batting: RHB Jeckel Hester | 0-0: Ball 1-0: Ball
 2-0:  Fly out, F8  (Flyball, 8LS, EV 91.9 MPH)
 |  
		| Batting: SHB Bartholomeu Chambino | 0-0: Called Strike 0-1: Ball
 1-1: Ground out 4-3 (Groundball, 34, EV 102.5 MPH)
 |  
		| Bottom of the 1st over - 0 runs, 0 hits, 0 errors, 0 left on base; New York 0 - New York 0 |  
	| TOP OF THE 2ND | 
|---|
 
		| New York Mets batting - Pitching for New York Yankees : LHP Zach Purvis |  
		| Batting: RHB Jeff Jank | 0-0: Ball 1-0:  Fly out, F8  (Line Drive, 8RD, EV 86.2 MPH)
 |  
		| Batting: RHB Drtian Thaqi | 0-0:  Fly out, F9  (Line Drive, 89M, EV 100.6 MPH) |  
		| Batting: SHB Jason Larson | 0-0: Ball 1-0: SINGLE  (Groundball, 56D, EV 95.0 MPH)
 |  
		| Batting: RHB Josh Jones | 0-0: Ball 1-0: Foul Ball, location: 2F
 1-1: Called Strike
 Jason Larson steals 2nd base
 1-2:  Fly out, F8  (Flyball, 8LS, EV 85.6 MPH)
 |  
		| Top of the 2nd over - 0 runs, 1 hit, 0 errors, 1 left on base; New York 0 - New York 0 |  
	| BOTTOM OF THE 2ND | 
|---|
 
		| New York Yankees batting - Pitching for New York Mets : RHP Apostolos Tsatsos |  
		| Batting: SHB Gus Berry | 0-0: Ball 1-0: Swinging Strike
 1-1: Swinging Strike
 1-2:  SOLO HOME RUN  (Flyball, 9D, EV 96.2 MPH), Distance : 367 ft
 |  
		| Batting: RHB Adriaan Pieters | 0-0: Ball 1-0:  SOLO HOME RUN  (Flyball, 9LD, EV 93.8 MPH), Distance : 339 ft
 |  
		| Batting: SHB Mukhtar Wa'il | 0-0: Ground out 4-3 (Groundball, 34, EV 101.2 MPH) |  
		| Batting: RHB Larry Martell | 0-0: Called Strike 0-1: Ball
 1-1: Swinging Strike
 1-2: Foul Ball, location: 2F
 1-2:  Fly out, F2  (Popup, 25F, EV 87.5 MPH)
 |  
		| Batting: RHB Geni Prawiranega | 0-0: Swinging Strike 0-1: Ball
 1-1: Foul Ball, location: 2F
 1-2: Ball
 2-2: Strikes out swinging
 |  
		| Bottom of the 2nd over - 2 runs, 2 hits, 0 errors, 0 left on base; New York 0 - New York 2 |  
	| TOP OF THE 3RD | 
|---|
 
		| New York Mets batting - Pitching for New York Yankees : LHP Zach Purvis |  
		| Batting: SHB Billy Encinias | 0-0: Called Strike 0-1: Called Strike
 0-2: Strikes out swinging
 |  
		| Batting: RHB Finn Ross | 0-0: Called Strike 0-1: Called Strike
 0-2: Foul Ball, location: 2F
 0-2: Foul Ball, location: 2F
 0-2:  Fly out, F8  (Flyball, 8LM, EV 91.9 MPH)
 |  
		| Batting: LHB Kevin Bellman | 0-0: Ball 1-0: Foul Ball, location: 2F
 1-1: Ball
 2-1: SINGLE  (Line Drive, 6MD, EV 99.4 MPH)
 |  
		| Batting: RHB Antonio Aranda | 0-0: Foul Ball, location: 2F 0-1:  2-RUN HOME RUN  (Flyball, 7LD, EV 95.0 MPH), Distance : 346 ft
 |  
		| Batting: SHB Sean Cook | 0-0: Ball 1-0: Ground out 6-3 (Groundball, 6M, EV 99.4 MPH)
 |  
		| Top of the 3rd over - 2 runs, 2 hits, 0 errors, 0 left on base; New York 2 - New York 2 |  
	| BOTTOM OF THE 3RD | 
|---|
 
		| New York Yankees batting - Pitching for New York Mets : RHP Apostolos Tsatsos |  
		| Batting: RHB Ryan Neal | 0-0: Called Strike 0-1: Foul Ball, location: 2F
 0-2: Ball
 1-2: Foul Ball, location: 2F
 1-2:  Fly out, F9  (Flyball, 9LS, EV 88.1 MPH)
 |  
		| Batting: RHB Russ Shambaugh | 0-0: Ball 1-0: Called Strike
 1-1: Swinging Strike
 1-2: Foul Ball, location: 2F
 1-2:  SOLO HOME RUN  (Flyball, 7LD, EV 94.4 MPH), Distance : 331 ft
 |  
		| Batting: RHB Jeckel Hester | 0-0: SINGLE  (Flyball, 4D, EV 95.6 MPH) |  
		| Batting: SHB Bartholomeu Chambino | 0-0: Foul Ball, location: 2F 0-1: Swinging Strike
 0-2: Strikes out swinging
 |  
		| Batting: SHB Gus Berry | 0-0: Ball 1-0: Ball
 2-0: Ball
 3-0: Called Strike
 3-1: Base on Balls
 Jeckel Hester to second
 |  
		| Batting: RHB Adriaan Pieters | 0-0: Fielders Choice at 2nd, 5-4 (Groundball, 5, EV 80.6 MPH) |  
		| Bottom of the 3rd over - 1 run, 2 hits, 0 errors, 2 left on base; New York 2 - New York 3 |  
	| TOP OF THE 4TH | 
|---|
 
		| New York Mets batting - Pitching for New York Yankees : LHP Zach Purvis |  
		| Batting: RHB Jeff Jank | 0-0: SINGLE  (Line Drive, 34D, EV 108.1 MPH) |  
		| Batting: RHB Drtian Thaqi | 0-0: Ball 1-0: Called Strike
 Jeff Jank steals 2nd base
 1-1: Foul Ball, location: 2F
 1-2: Foul Ball, location: 2F
 1-2: Ball
 2-2: Foul Ball, location: 2F
 2-2: Foul Ball, location: 2F
 2-2: Foul Ball, location: 2F
 2-2:  Fly out, F5  (Line Drive, 5L, EV 69.4 MPH)
 |  
		| Batting: SHB Jason Larson | 0-0: Called Strike 0-1:  Fly out, F9  (Flyball, 89D, EV 98.8 MPH)
 Runner from 2nd tags up, SAFE at 3rd, no throw by RF
 |  
		| Batting: RHB Josh Jones | 0-0:  Fly out, F9  (Line Drive, 9, EV 92.5 MPH) |  
		| Top of the 4th over - 0 runs, 1 hit, 0 errors, 1 left on base; New York 2 - New York 3 |  
	| BOTTOM OF THE 4TH | 
|---|
 
		| New York Yankees batting - Pitching for New York Mets : RHP Apostolos Tsatsos |  
		| Batting: SHB Mukhtar Wa'il | 0-0: Called Strike 0-1: Foul Ball, location: 2F
 0-2: TRIPLE  (Groundball, 3L, EV 95.6 MPH)
 |  
		| Batting: RHB Larry Martell | 0-0: Swinging Strike 0-1: Foul Ball, location: 2F
 0-2: Ground out 4-3 (Groundball, 4, EV 90.6 MPH)
 Mukhtar Wa'il scores
 |  
		| Batting: RHB Geni Prawiranega | 0-0: Foul Ball, location: 2F 0-1: Ball
 1-1: Ground out 5-3 (Groundball, 5S, EV 69.4 MPH)
 |  
		| Batting: RHB Ryan Neal | 0-0: Ground out 3-1 (Groundball, 34S, EV 83.1 MPH) |  
		| Bottom of the 4th over - 1 run, 1 hit, 0 errors, 0 left on base; New York 2 - New York 4 |  
	| TOP OF THE 5TH | 
|---|
 
		| New York Mets batting - Pitching for New York Yankees : LHP Zach Purvis |  
		| Batting: SHB Billy Encinias | 0-0: Called Strike 0-1: Called Strike
 0-2: Strikes out swinging
 |  
		| Batting: RHB Finn Ross | 0-0: Ball 1-0: Ball
 2-0: Ball
 3-0: Base on Balls
 |  
		| Batting: LHB Kevin Bellman | 0-0: Called Strike 0-1: Ball
 1-1: Called Strike
 1-2: Foul Ball, location: 2F
 1-2: Ball
 2-2: Ball
 3-2: Base on Balls
 Finn Ross to second
 |  
		| Batting: RHB Antonio Aranda | 0-0: SINGLE  (Line Drive, 9S, EV 86.2 MPH) Finn Ross to third
 Kevin Bellman to second
 Runner from 3rd tries for Home, SAFE, throw by RF to home
 |  
		| Batting: SHB Sean Cook | 0-0: Ball 1-0: Called Strike
 1-1: Called Strike
 1-2: Foul Ball, location: 2F
 1-2: Strikes out swinging
 |  
		| Batting: RHB Jeff Jank | 0-0: Called Strike 0-1: Foul Ball, location: 2F
 0-2: Reached on error, E6 (Groundball, 6, EV 106.2 MPH)
 Kevin Bellman to third
 Antonio Aranda to second
 |  
		| Batting: RHB Drtian Thaqi | 0-0: Ball 1-0: Swinging Strike
 1-1: Ball
 2-1: Foul Ball, location: 2F
 2-2: Strikes out swinging
 |  
		| Top of the 5th over - 1 run, 1 hit, 1 error, 3 left on base; New York 3 - New York 4 |  
	| BOTTOM OF THE 5TH | 
|---|
 
		| New York Yankees batting - Pitching for New York Mets : RHP Apostolos Tsatsos |  
		| Batting: RHB Russ Shambaugh | 0-0: Ball 1-0: Ball
 2-0: Ball
 3-0: Called Strike
 3-1: Base on Balls
 |  
		| Batting: RHB Jeckel Hester | 0-0: Ball 1-0: Ball
 2-0: Foul Ball, location: 2F
 2-1: Swinging Strike
 2-2: Ball
 3-2:  Fly out, F9  (Line Drive, 9S, EV 105.6 MPH)
 |  
		| Batting: SHB Bartholomeu Chambino | 0-0: Ball 1-0: Swinging Strike
 1-1: Ball
 2-1:  2-RUN HOME RUN  (Flyball, 9D, EV 100.0 MPH), Distance : 401 ft
 |  
		| Pitching: RHP Marc Maniu |  |  
		| Batting: SHB Gus Berry | 0-0: Called Strike 0-1: Ball
 1-1:  SOLO HOME RUN  (Flyball, 89XD, EV 97.5 MPH), Distance : 401 ft
 |  
		| Batting: RHB Adriaan Pieters | 0-0: Foul Ball, location: 2F 0-1: Called Strike
 0-2: Ball
 1-2: Strikes out swinging
 |  
		| Batting: SHB Mukhtar Wa'il | 0-0: Called Strike 0-1: Ball
 1-1: Called Strike
 1-2: Strikes out swinging
 |  
		| Bottom of the 5th over - 3 runs, 2 hits, 0 errors, 0 left on base; New York 3 - New York 7 |  
	| TOP OF THE 6TH | 
|---|
 
		| New York Mets batting - Pitching for New York Yankees : LHP Zach Purvis |  
		| Batting: SHB Jason Larson | 0-0: Ball 1-0: Foul Ball, location: 2F
 1-1: Swinging Strike
 1-2: Foul Ball, location: 2F
 1-2: Strikes out swinging
 |  
		| Batting: RHB Josh Jones | 0-0: Called Strike 0-1: Ball
 1-1: Ball
 2-1: Foul Ball, location: 2F
 2-2: Ball
 3-2: Base on Balls
 |  
		| Batting: SHB Billy Encinias | 0-0: Ball 1-0: Ball
 2-0: Called Strike
 2-1: SINGLE  (Groundball, 56, EV 98.8 MPH) (infield hit)
 Josh Jones to second
 |  
		| Batting: RHB Finn Ross | 0-0: Fielders Choice at 2nd, 3-6 (Groundball, 34, EV 80.6 MPH) Josh Jones to third
 |  
		| Batting: LHB Kevin Bellman | 0-0: Called Strike 0-1: Ball
 1-1: Foul Ball, location: 2F
 1-2:  3-RUN HOME RUN  (Flyball, 9LD, EV 91.2 MPH), Distance : 333 ft
 |  
		| Pitching: RHP Tim Catalano |  |  
		| Batting: RHB Antonio Aranda | 0-0: Ball 1-0: Ball
 2-0: Ball
 3-0: Called Strike
 3-1: Ball
 |  
		| Batting: SHB Sean Cook | 0-0: Called Strike 0-1: Ball
 1-1: Foul Ball, location: 2F
 1-2: Foul Ball, location: 2F
 1-2: Foul Ball, location: 2F
 1-2: Strikes out swinging
 |  
		| Top of the 6th over - 3 runs, 2 hits, 0 errors, 1 left on base; New York 6 - New York 7 |  
	| BOTTOM OF THE 6TH | 
|---|
 
		| New York Yankees batting - Pitching for New York Mets : RHP Marc Maniu |  
		| Batting: RHB Larry Martell | 0-0: Ball 1-0: Ball
 2-0: Called Strike
 2-1: Foul Ball, location: 2F
 2-2: Foul Ball, location: 2F
 2-2: Ball
 3-2: SINGLE  (Groundball, 34D, EV 109.4 MPH)
 |  
		| Batting: RHB Geni Prawiranega | 0-0: Called Strike 0-1: Called Strike
 0-2: Foul Ball, location: 2F
 0-2: Strikes out swinging
 |  
		| Batting: RHB Ryan Neal | 0-0: Called Strike 0-1: Ball
 1-1: Ball
 2-1: Foul Ball, location: 2F
 2-2: Foul Ball, location: 2F
 2-2: Strikes out looking
 |  
		| Batting: RHB Russ Shambaugh | 0-0: Ball 1-0: Called Strike
 1-1: Ball
 2-1: Ball
 3-1: Fielders Choice at 2nd, 5-4 (Groundball, 56, EV 106.2 MPH)
 |  
		| Bottom of the 6th over - 0 runs, 1 hit, 0 errors, 1 left on base; New York 6 - New York 7 |  
	| TOP OF THE 7TH | 
|---|
 
		| New York Mets batting - Pitching for New York Yankees : RHP Tim Catalano |  
		| Batting: RHB Jeff Jank | 0-0: Called Strike 0-1: Ball
 1-1: Called Strike
 1-2: Ball
 2-2: Ball
 3-2: Base on Balls
 |  
		| Batting: RHB Drtian Thaqi | 0-0: Called Strike 0-1: Ball
 1-1: Called Strike
 1-2: Foul Ball, location: 2F
 1-2: Grounds into double play, 1-6-3 (Groundball, 13, EV 61.9 MPH)
 |  
		| Batting: SHB Jason Larson | 0-0: Ball 1-0: Ground out 4-3 (Groundball, 4, EV 101.2 MPH)
 |  
		| Top of the 7th over - 0 runs, 0 hits, 0 errors, 0 left on base; New York 6 - New York 7 |  
	| BOTTOM OF THE 7TH | 
|---|
 
		| New York Yankees batting - Pitching for New York Mets : RHP Marc Maniu |  
		| Pitching: RHP Justin Overlie |  |  
		| Batting: RHB Jeckel Hester | 0-0: Ball 1-0: Called Strike
 1-1: Ball
 2-1: Foul Ball, location: 2F
 2-2: Ground out 6-3 (Groundball, 6MS, EV 91.2 MPH)
 |  
		| Batting: SHB Bartholomeu Chambino | 0-0: Ball 1-0: Ball
 2-0: Ball
 3-0: Called Strike
 3-1: Base on Balls
 |  
		| Batting: SHB Gus Berry | 0-0: Called Strike 0-1: Ball
 1-1: Ball
 2-1: Foul Ball, location: 2F
 2-2: Strikes out swinging
 |  
		| Batting: RHB Adriaan Pieters | 0-0: Called Strike 0-1: Foul Ball, location: 2F
 0-2: Strikes out swinging
 |  
		| Bottom of the 7th over - 0 runs, 0 hits, 0 errors, 1 left on base; New York 6 - New York 7 |  
	| TOP OF THE 8TH | 
|---|
 
		| New York Mets batting - Pitching for New York Yankees : RHP Tim Catalano |  
		| Batting: RHB Josh Jones | 0-0: Called Strike 0-1: Ball
 1-1: Ball
 2-1: Ball
 3-1: Base on Balls
 |  
		| Pitching: LHP Robert Cruz |  |  
		| Batting: SHB Billy Encinias | 0-0: Bunted foul 0-1: Sac Bunt to 5S - play at first, batter OUT! 5-3
 Josh Jones to second
 |  
		| Batting: RHB Finn Ross | 0-0: Ball 1-0: Called Strike
 1-1: Foul Ball, location: 2F
 1-2: Strikes out swinging
 |  
		| Batting: LHB Kevin Bellman | 0-0: Ball 1-0: Ball
 2-0: Foul Ball, location: 2F
 2-1: Ball
 3-1: Base on Balls
 |  
		| Batting: RHB Antonio Aranda | 0-0: Foul Ball, location: 2F 0-1: Foul Ball, location: 2F
 0-2: Ball
 1-2: Foul Ball, location: 2F
 1-2: Ball
 2-2: Strikes out swinging
 |  
		| Top of the 8th over - 0 runs, 0 hits, 0 errors, 2 left on base; New York 6 - New York 7 |  
	| BOTTOM OF THE 8TH | 
|---|
 
		| New York Yankees batting - Pitching for New York Mets : RHP Justin Overlie |  
		| Batting: SHB Mukhtar Wa'il | 0-0: Called Strike 0-1: Foul Ball, location: 2F
 0-2: Ball
 1-2: Foul Ball, location: 2F
 1-2: Ball
 2-2: Ball
 3-2: Base on Balls
 |  
		| Batting: RHB Larry Martell | 0-0: Swinging Strike 0-1: Foul Ball, location: 2F
 0-2: Ball
 1-2: Foul Ball, location: 2F
 1-2: Grounds into double play, 5-4-3 (Groundball, 56, EV 82.5 MPH)
 |  
		| Batting: RHB Geni Prawiranega | 0-0: Called Strike 0-1: Swinging Strike
 0-2: Strikes out looking
 |  
		| Bottom of the 8th over - 0 runs, 0 hits, 0 errors, 0 left on base; New York 6 - New York 7 |  
	| TOP OF THE 9TH | 
|---|
 
		| New York Mets batting - Pitching for New York Yankees : LHP Robert Cruz |  
		| Pitching: LHP Joel Pacheco |  |  
		| Batting: SHB Sean Cook | 0-0: Called Strike 0-1: Foul Ball, location: 2F
 0-2: Ball
 1-2: Foul Ball, location: 2F
 1-2: Ground out 4-3 (Groundball, 4, EV 98.1 MPH)
 |  
		| Batting: RHB Jeff Jank | 0-0: Swinging Strike 0-1: Ball
 1-1: Ball
 2-1: Foul Ball, location: 2F
 2-2: Strikes out looking
 |  
		| Batting: RHB Drtian Thaqi | 0-0: Foul Ball, location: 2F 0-1: Ball
 1-1: Called Strike
 1-2: Ball
 2-2: Strikes out swinging
 |  
		| Top of the 9th over - 0 runs, 0 hits, 0 errors, 0 left on base; New York 6 - New York 7 |  |